Match 25452511
Unlisted

Match 25452511
End
Construct Barracks
Selects Special Operations Battlegroup
Riflemen Squad
Riflemen Squad
Riflemen Squad
Infantry Support Center
Selects M29 Weasel with M1 Pack Howitzer
M29 Weasel with M1 Pack Howitzer
Construct Medical Station
M1918 Browning Automatic Rifles
Munitions Surplus
Construct Motor Pool
Selects Raiding Flares
M1 Anti-tank Gun Team
Advanced Logistics
Raiding Flares
M29 Weasel with M1 Pack Howitzer
Selects P-47 Anti-Infantry Loiter
Raiding Flares
P-47 Anti-Infantry Loiter
Grenade Package
M1 Anti-tank Gun Team
Selects SSF Commando Squad
Raiding Flares
SSF Commando Squad
Riflemen Squad
Riflemen Squad
Demolitions Package
Survival Training
Raiding Flares
ConcernedApe
JBau
denny870522
Mintjack
0
0

Comments sign in to comment!

No comments posted yet!